 Dungeon Crawl Stone Soup version 0.24.0-125-gc4c63601f3 (webtiles) character file.

Game seed: 2413476782970560593, levelgen mode: deterministic

1460 LraC the Slinger (level 9, -1/59 HPs)
             Began as a Halfling Hunter on Mar 12, 2020.
             Was an Initiate of Makhleb.
             Slain by Pikel
             ... wielding a +1 whip of electrocution
              (3 damage)
             ... on level 8 of the Dungeon.
             The game lasted 00:41:29 (6448 turns).

LraC the Slinger (Halfling Hunter)                  Turns: 6448, Time: 00:41:30

Health: -1/59      AC:  5    Str: 14    XL:     9   Next: 5%
Magic:  9/9        EV: 21    Int: 10    God:    Makhleb [......]
Gold:   372        SH:  0    Dex: 21    Spells: 6/8 levels left

rFire    + . .     SeeInvis .   p - +3 hand axe (flame)
rCold    x . .     Gourm    .   (shield restricted)
rNeg     . . .     Faith    .   c - +1 leather armour
rPois    .         Spirit   .   (helmet restricted)
rElec    .         Reflect  .   (no cloak)
rCorr    .         Harm     .   (no gloves)
MR       +....                  g - +0 pair of boots
Stlth    +++.......             i - amulet of the acrobat
HPRegen  0.19/turn              k - ring of fire
MPRegen  0.11/turn              (no ring)

@: agile
A: small, horns 1, magic resistance 1, mutation resistance 1
a: Renounce Religion


You were on level 8 of the Dungeon.
You worshipped Makhleb.
Makhleb was noncommittal.
You were not hungry.

You visited 2 branches of the dungeon, and saw 9 of its levels.

You collected 372 gold pieces.

Inventory:

Hand Weapons
 a - a +2 hunting sling
 b - a +0 short sword
 p - a +3 hand axe of flaming (weapon)
Missiles
 d - 5 boomerangs
 e - 87 stones (quivered)
Armour
 c - a +1 leather armour (worn)
 g - a +0 pair of boots (worn)
 s - a +2 helmet of intelligence
Jewellery
 i - an amulet of the acrobat (around neck)
 k - a ring of fire (left hand)
Wands
 h - a wand of disintegration (7)
 l - a wand of polymorph (10)
 m - a wand of random effects (14)
 n - a wand of digging (6)
 o - a wand of clouds (2)
Scrolls
 j - 5 scrolls of identify
 q - a scroll of enchant armour
Comestibles
 f - 14 rations


   Skills:
 + Level 4.5 Fighting
 + Level 0.1 Short Blades
 + Level 0.9 Axes
 + Level 12.7 Slings
 + Level 2.9 Armour
 + Level 3.5 Dodging
 + Level 1.8 Stealth
 + Level 0.1 Spellcasting
 + Level 0.1 Summonings
 + Level 0.4 Evocations


You had 6 spell levels left.
You knew the following spells:

 Your Spells              Type           Power        Failure   Level  Hunger
a - Confusing Touch       Hex            #.....       43%         1    ##.....
b - Summon Small Mammal   Summ           #...         41%         1    ##.....

Your spell library contained the following spells:

 Spells                   Type           Power        Failure   Level  Hunger
 Animate Skeleton         Necr           N/A          43%         1    ##.....
 Apportation              Tloc           #.....       43%         1    ##.....


Dungeon Overview and Level Annotations

Branches:
Dungeon (8/15)             Temple (1/1) D:6
   Lair: D:8-11

Altars:
Ashenzari
Cheibriados
Dithmenos
Elyvilon
Fedhas
Gozag
Hepliaklqana
Kikubaaqudgha
Makhleb
Nemelex Xobeh
Okawaru
Qazlal
Ru
Sif Muna
Trog
Uskayaw
Vehumet
Wu Jian
Xom
Yredelemnul
Zin
The Shining One

Annotations:
D:8 Harold, Pikel
Temple Shrines


Innate Abilities, Weirdness & Mutations

You are small and have problems with some larger weapons.
You are somewhat resistant to further mutation.
You have a pair of small horns on your head.
You are resistant to hostile enchantments. (MR+)


Message History

You hit Pikel but do no damage. You headbutt Pikel.
Pikel is almost dead.
Pikel says, "You'll feel the lick of my whip!"
Pikel closely misses you.
You closely miss Pikel.
Pikel is almost dead.
Pikel misses you.
Aiming: Random Effects
Press: ? - help, Shift-Dir - straight line, f/p - Pikel
Aim: Pikel, wielding a +1 whip of electrocution and wearing a cursed +0 robe (almost dead)
The bolt of poison misses Pikel.
The bolt of poison misses the slave.
Pikel hits you with a +1 whip of electrocution!
* * * LOW HITPOINT WARNING * * *
Unknown command.
Aiming: Random Effects
Press: ? - help, Shift-Dir - straight line, f/p - Pikel
Aim: Pikel, wielding a +1 whip of electrocution and wearing a cursed +0 robe (almost dead) Pikel resists with some effort.
Pikel hits you with a +1 whip of electrocution.
You die...

### #.#
###.. .
#.#.# .#
#<#.# #..
#.#.# ..
#.#.##p##...
#...@Kp....(
#.#.##.###.#
#.#.# #
#.#.# #.#.#
#.#.# #....
#....


You could see Pikel and 2 slaves.

Vanquished Creatures
  Sigmund (D:2)
  Duvessa (D:6)
  An orc warrior (D:7)
  A slave (D:8)
  2 ogres
  A centaur (D:6)
  A bullfrog (D:6)
  A scorpion (D:6)
  A water moccasin skeleton (D:7)
  Dowan (D:6)
  A howler monkey (D:6)
  A crimson imp (D:6)
  A hound (D:6)
  A jelly (D:6)
  2 orc priests (D:5)
  4 orc wizards
  Jessica (D:2)
  Terence (D:2)
  4 worker ants
  4 adders
  A shadow imp (D:5)
  2 oozes
  An adder zombie (D:5)
  3 worms
  A dart slug (D:3)
  4 leopard geckos
  22 orcs
  7 bats
  6 giant cockroaches
  2 goblins
  5 hobgoblins
  6 jackals
  8 kobolds
  2 quokkas
  2 ball pythons
  5 frilled lizards
  9 rats
117 creatures vanquished.

Notes
Turn   | Place    | Note
-------+----------+-------------------------------------------
     0 | D:1      | LraC the Halfling Hunter began the quest for the Orb.
     0 | D:1      | Reached XP level 1. HP: 14/14 MP: 1/1
    52 | D:1      | Reached skill level 6 in Slings
   106 | D:1      | Reached XP level 2. HP: 19/19 MP: 2/2
   367 | D:1      | Reached XP level 3. HP: 24/24 MP: 3/3
   562 | D:2      | Reached skill level 7 in Slings
   756 | D:2      | Reached XP level 4. HP: 19/29 MP: 4/4
   853 | D:2      | Noticed Sigmund
   866 | D:2      | Killed Sigmund
   866 | D:2      | Reached skill level 8 in Slings
   866 | D:2      | Reached skill level 1 in Armour
   866 | D:2      | Reached XP level 5. HP: 2/35 MP: 5/5
   866 | D:2      | Reached XP level 6. HP: 3/41 MP: 6/6
  1206 | D:2      | Noticed Terence
  1247 | D:2      | Killed Terence
  1247 | D:2      | Reached skill level 9 in Slings
  1283 | D:2      | Noticed Jessica
  1285 | D:2      | Killed Jessica
  1597 | D:3      | Gained mutation: You are resistant to hostile enchantments.
                  | (MR+) [potion of mutation]
  1597 | D:3      | Gained mutation: You have a pair of small horns on your
                  | head. [potion of mutation]
  1835 | D:3      | Found an opulent altar of Gozag.
  2842 | D:5      | Entered Level 5 of the Dungeon
  2877 | D:5      | Reached XP level 7. HP: 13/45 MP: 7/7
  2982 | D:5      | Reached skill level 10 in Slings
  4222 | D:6      | Reached skill level 11 in Slings
  4222 | D:6      | Reached XP level 8. HP: 53/53 MP: 8/8
  4332 | D:6      | Found a staircase to the Ecumenical Temple.
  4352 | D:6      | Learned a level 1 spell: Confusing Touch
  4354 | D:6      | Learned a level 1 spell: Summon Small Mammal
  4430 | Temple   | Entered the Ecumenical Temple
  4785 | Temple   | Became a worshipper of Makhleb the Destroyer
  4846 | D:6      | Found an ornate altar of the Wu Jian Council.
  4856 | D:6      | Reached skill level 12 in Slings
  5199 | D:6      | Noticed Dowan
  5202 | D:6      | Noticed Duvessa
  5215 | D:6      | Killed Dowan
  5223 | D:6      | HP: 2/54 [Duvessa/+0 rapier (16)]
  5287 | D:6      | Killed Duvessa
  5964 | D:7      | Reached XP level 9. HP: 36/59 MP: 9/9
  6111 | D:8      | Noticed Harold
  6427 | D:8      | Noticed Pikel
  6447 | D:8      | HP: 2/59 [Pikel/+1 whip of electrocution (9)]
  6448 | D:8      | Slain by Pikel

Levels and vault maps discovered:
D:1:      lemuel_arrival_tunnels, layout_rooms
D:2:      layout_loops_ring, uniq_jessica, uniq_terence, uniq_sigmund
D:3:      layout_basic, lemuel_doored_altar
D:4:      layout_gridville
D:5:      layout_loops_corners, first_ration
D:6:      layout_gridville, minmay_temple_entry_offerings, basic_altar,
          uniq_duvessa
D:7:      kennysheep_windowed_halls, layout_layer_cave, basic_altar
D:8:      layout_basic, serial_shops, shop, uniq_harold, uniq_prince_ribbit1,
          uniq_pikel, uniq_gastronok, uniq_erica
Temple:   nicolae_temple_the_god_donut

Skill      XL: |  1  2  3  4  5  6  7  8 |
---------------+-------------------------+-----
Slings         | 6 7 8 9 11 12 | 12.7
Fighting       | 2 3 4 |  4.5
Armour         | 1 2 |  2.9
Dodging        | 3 |  3.5
Short Blades   | |  0.1
Axes           | |  0.9
Stealth        | |  1.8
Spellcasting   | |  0.1
Summonings     | |  0.1
Evocations     | |  0.4

Action                   |  1- 3 |  4- 6 |  7- 9 || total
-------------------------+-------+-------+-------++-------
Melee: Short sword       |       |    23 |       ||    23
       Hand axe          |       |       |    44 ||    44
       Headbutt          |       |       |     7 ||     7
 Fire: Hunting sling     |    97 |   141 |   231 ||   469
 Cast: Summon Small Mamm |       |       |     1 ||     1
Evoke: Wand              |       |     1 |     8 ||     9
  Use: Scroll            |     1 |     7 |     2 ||    10
       Potion            |       |     4 |     6 ||    10
  Eat: Ration            |       |     2 |     3 ||     5
Armor: Leather armour    |     5 |     8 |    26 ||    39
Dodge: Dodged            |    26 |    44 |   110 ||   180
